General information
- name: turncoat 1v1
- type: Custom game
- host: SantaClaus
- saver: SantaClaus
map: RoadToStratholme
- players: 3
- length: 14:47
- speed: Fast
- version: 1.26 W3XP
- replay type: Public
» download(45 KB)
Players
team 1 (winner)
Grinch (
pink | 71 APM | 1047 actions | 14:46)
5 Blood Mage
3 Flame Strike
2 Siphon Mana
» actions
| Assign group hotkey | 43 | |
| Basic commands | 27 | |
| Build / train | 66 | |
| Enter build submenu | 29 | |
| Enter hero's abilities submenu | 5 | |
| Give item / drop item | 1 | |
| Remove unit from queue | 1 | |
| Right click | 427 | |
| Select / deselect | 327 | |
| Select group hotkey | 55 | |
| Use ability | 66 | |
1047 total
» units
| Peasant | 24 | |
| Footman | 5 | |
| Sorceress | 3 | |
32 total
» upgrades
| Lumber Harvesting | 1 | |
| Masonry | 2 | |
| Sorceress Training | 1 | |
| Magic Sentry | 1 | |
5 total
» buildings
| Altar of Kings | 1 | |
| Barracks | 1 | |
| Farm | 4 | |
| Lumber Mill | 1 | |
| Arcane Vault | 1 | |
| Keep | 1 | |
| Scout Tower | 13 | |
| Guard Tower | 7 | |
| Arcane Sanctum | 1 | |
| Blacksmith | 1 | |
| Town Hall | 1 | |
| Castle | 1 | |
| Workshop | 2 | |
35 total
» build order
00:36 Altar of Kings
00:37 Barracks
00:51 Farm
01:05 Farm
01:07 Farm
01:55 Farm
02:50 Lumber Mill
03:18 Arcane Vault
04:00 Keep
04:04 Scout Tower
04:06 Scout Tower
04:08 Scout Tower
04:40 Guard Tower
06:27 Arcane Sanctum
08:14 Blacksmith
08:43 Town Hall
08:47 Scout Tower
08:50 Scout Tower
08:51 Scout Tower
08:56 Scout Tower
08:56 Scout Tower
08:57 Scout Tower
08:57 Scout Tower
08:58 Scout Tower
09:15 Guard Tower
09:16 Guard Tower
09:18 Guard Tower
09:20 Guard Tower
09:35 Guard Tower
11:50 Castle
11:54 Workshop
11:57 Workshop
11:59 Scout Tower
13:44 Guard Tower
» items
| Scroll of Regeneration | 4 | |
| Boots of Speed | 1 | |
| Potion of Healing | 1 | |
| Potion of Invisibility | 2 | |
| Potion of Mana | 1 | |
| Lesser Clarity Potion | 1 | |
| Scroll of Town Portal | 2 | |
| Staff of Teleportation | 1 | |
13 total
team 2 (loser)
WiX2011 (
red | 46 APM | 681 actions | 14:45)
4 Dreadlord
2 Sleep
2 Vampiric Aura
» actions
| Basic commands | 62 | |
| Build / train | 61 | |
| Enter build submenu | 13 | |
| Enter hero's abilities submenu | 4 | |
| Remove unit from queue | 1 | |
| Right click | 231 | |
| Select / deselect | 278 | |
| Use ability | 31 | |
681 total
» units
| Acolyte | 6 | |
| Ghoul | 24 | |
| Crypt Fiend | 12 | |
42 total
» upgrades
| Cannibalize | 1 | |
| Web | 1 | |
| Creature Attack | 1 | |
| Creature Carapace | 1 | |
4 total
» buildings
| Crypt | 3 | |
| Ziggurat | 4 | |
| Altar of Darkness | 1 | |
| Graveyard | 1 | |
| Tomb of Relics | 1 | |
| Nerubian Tower | 1 | |
| Halls of the Dead | 1 | |
| Slaughterhouse | 2 | |
14 total
» build order
00:19 Crypt
00:21 Ziggurat
00:23 Crypt
00:45 Altar of Darkness
01:08 Graveyard
01:22 Tomb of Relics
02:09 Ziggurat
02:28 Crypt
03:02 Ziggurat
03:10 Nerubian Tower
05:46 Halls of the Dead
05:53 Ziggurat
09:45 Slaughterhouse
09:48 Slaughterhouse
observersSantaClaus Chat log
(00:08 / All) Grinch: iseedeadpeople
(00:15 / All) WiX2011: i see aliens too
(00:30 / All) WiX2011: jk
(01:15 / All) WiX2011: tryin to decide what i should go for
(01:18 / All) WiX2011: against you
(01:35 / All) WiX2011: been forever since i 1v1
(05:37 / All) Grinch: gg
(05:40 / All) WiX2011: ow
(06:17 / All) WiX2011: why were ur hero not with ur units
(10:32 / All) Grinch: gg bud
(11:47 / All) WiX2011: slick
(13:28 / All) WiX2011: u got me
(13:29 / All) WiX2011: gg
(13:31 / All) Grinch: yup
(13:42 / All) WiX2011: that sucked
(13:58 / All) WiX2011: wish i had of stayed
(14:05 / All) WiX2011: behind my base
(14:09 / All) Grinch: oh lol
(14:12 / All) WiX2011: u just invisd
(14:14 / All) WiX2011: 2 times
(14:16 / All) WiX2011: and killed me
(14:20 / All) WiX2011: i had u tho
(14:21 / All) WiX2011: now
(14:26 / All) WiX2011: if i hadnt lost my mine
(14:33 / All) WiX2011: i just killed like all ur units